Map: Emerald City LE

Players

KaiBo

  • Race: Protoss Protoss
  • League: Platinum
  • Spawn Location: 5:00

Achilles

  • Race: Protoss Protoss
  • League: Platinum
  • Spawn Location: 5:00

Massa

  • Race: Terran Terran
  • League: Gold
  • Spawn Location: 11:00

qqq

  • Race: Zerg Zerg
  • League: Platinum
  • Spawn Location: 11:00

VOD

Have the link to the VOD?

Description

Time

  • Played on: May 26, 2020, 1:19 p.m.
  • Length: 12:45
Show
View Real Time Build Order
Export as new Build Order

KaiBo Protoss 

Build Orders: Phoenix Opening 

Get SALT Encoding   

  12  0:01  Probe  
  13  0:13  Probe  
  14  0:20  Pylon  
  14  0:25  Probe  
  15  0:38  Probe (Chrono Boost)  
  15  0:42  Gateway  
  16  0:49  Assimilator  
  17  0:50  Probe (Chrono Boost)  
  17  0:55  Probe (Chrono Boost)  
  18  1:05  Probe (Chrono Boost)  
  19  1:17  Probe (Chrono Boost)  
  20  1:25  Gateway  
  20  1:29  Pylon  
  20  1:37  Zealot  
  22  1:40  Probe, Assimilator  
  23  1:47  Cybernetics Core  
  23  1:55  Probe  
  24  2:07  Probe  
  25  2:24  Warp Gate  
  25  2:26  Stalker (Chrono Boost)  
  27  2:32  Nexus  
  29  2:38  Probe  
  29  2:39  Sentry (Chrono Boost)  
  30  2:49  Pylon  
  30  2:50  Probe  
  31  3:07  Sentry, Stalker  
  31  3:10  Probe  
  36  3:22  Probe  
  36  3:23  Pylon  
  37  3:34  Stalker  
  39  3:42  Probe (Chrono Boost)  
  39  3:44  Robotics Facility  
  39  3:47  Phoenix  
  40  3:49  Stalker  
  40  3:50  Probe (Chrono Boost)  
  40  3:52  Probe (Chrono Boost)  
  45  4:02  Probe (Chrono Boost)  
  45  4:04  Stalker  
  45  4:07  Probe (Chrono Boost)  
  48  4:19  Probe (Chrono Boost)  
  48  4:24  Probe (Chrono Boost)  
  50  4:30  Probe (Chrono Boost)  
  51  4:34  Probe (Chrono Boost)  
  51  4:35  Probe (Chrono Boost)  
  53  4:43  Probe  
  53  4:44  Stalker x2  
  58  4:46  Probe  
  59  4:53  Pylon  
  59  4:55  Probe  
  59  4:58  Probe  
  61  5:07  Probe, Assimilator  
  61  5:09  Assimilator  
  61  5:11  Probe, Immortal  
  67  5:16  Stalker  
  69  5:21  Nexus, Pylon  
  69  5:22  Pylon  
  69  5:23  Probe  
  69  5:26  Forge  
  70  5:29  Forge  
  51  5:44  Probe (Chrono Boost)  
  51  5:48  Probe (Chrono Boost)  
  52  5:55  Probe (Chrono Boost)  
  54  5:58  Probe (Chrono Boost), Protoss Shields Level 1 (Chrono Boost)  
  54  6:04  Probe x2 (Chrono Boost)  
  56  6:05  Protoss Ground Weapons Level 1 (Chrono Boost)  
  56  6:10  Probe  
  56  6:17  Robotics Bay  
  57  6:20  Probe (Chrono Boost)  
  59  6:27  Probe (Chrono Boost)  
  59  6:31  Probe (Chrono Boost), Gateway  
  60  6:36  Probe x2 (Chrono Boost), Gateway  
  62  6:42  Twilight Council  
  62  6:45  Probe (Chrono Boost)  
  63  6:52  Pylon  
  64  6:55  Probe (Chrono Boost)  
  64  6:58  Probe x2 (Chrono Boost)  
  64  7:00  Probe (Chrono Boost)  
  66  7:06  Probe x2  
  66  7:07  Extended Thermal Lance  
  69  7:11  Probe  
  70  7:15  Colossus  
  70  7:18  Blink (Chrono Boost)  
  76  7:26  Probe (Chrono Boost)  
  76  7:28  Probe (Chrono Boost)  
  76  7:29  Probe (Chrono Boost)  
  79  7:30  Assimilator  
  80  7:39  Probe (Chrono Boost)  
  80  7:41  Probe x2 (Chrono Boost)  
  80  7:43  Probe (Chrono Boost)  
  82  7:50  Probe x2  
  85  7:53  Probe  
  85  7:56  Stalker x2  
  90  8:02  Probe x2  
  92  8:22  Zealot x4  
  92  8:23  Probe  
  92  8:24  Probe  
  92  8:25  Probe  
  103  8:36  Probe x2, Pylon  
  103  8:37  Probe  
  106  8:44  Pylon  
  106  8:45  Pylon  
  106  8:46  Pylon  
  106  8:48  Probe x2  
  108  8:49  Pylon  
  108  8:51  Protoss Ground Weapons Level 2 (Chrono Boost), Pylon  
  108  8:52  Protoss Shields Level 2 (Chrono Boost), Assimilator  
  108  8:54  Colossus  
  101  9:12  Stalker x2  
  105  9:25  Stalker x2  
  109  9:31  Probe x3  
  112  9:38  Gateway  
  112  9:39  Gateway  
  112  9:44  Gateway, Colossus (Chrono Boost)  
  108  9:46  Gateway  
  96  10:00  Stalker x3  
  96  10:01  Stalker  
  104  10:24  Pylon  
  104  10:30  Nexus  
  104  10:31  Colossus  
  104  10:32  Gateway x2  
  104  10:33  Assimilator  
  104  10:35  Gateway  
  110  10:37  Assimilator  
  110  10:41  Pylon  
  110  10:43  Probe x3  
  113  10:55  Templar Archives, Probe (Chrono Boost)  
  113  10:56  Probe (Chrono Boost)  
  116  11:04  Probe (Chrono Boost)  
  116  11:07  Probe (Chrono Boost)  
  118  11:13  Probe (Chrono Boost)  
  118  11:15  Probe (Chrono Boost)  
  118  11:16  Probe (Chrono Boost)  
  120  11:19  Probe  
  120  11:22  Probe  
  120  11:24  Probe, Colossus  
  129  11:31  Probe  
  130  11:36  Pylon  
  130  11:37  Probe  
  130  11:39  Robotics Facility  
  131  11:43  Probe  
  131  11:44  High Templar x4  
  140  12:06  High Templar x3  
  140  12:07  Archon x2  
  146  12:12  High Templar  
  146  12:13  Archon  
  148  12:16  Archon  
  148  12:18  Observer  
  148  12:20  Gateway  
  137  12:29  Stalker x3  
  130  12:30  Stalker x4  
  118  12:45  Stalker x4  
Show
View Real Time Build Order
Export as new Build Order

Achilles Protoss 

Build Orders: Phoenix Opening, Carriers, Mass Phoenix 

Get SALT Encoding   

  12  0:04  Probe  
  13  0:16  Probe  
  13  0:18  Pylon  
  15  0:28  Probe  
  15  0:37  Gateway  
  15  0:41  Probe  
  16  0:52  Assimilator  
  16  1:10  Probe  
  17  1:14  Assimilator  
  17  1:17  Pylon  
  17  1:22  Probe  
  18  1:40  Cybernetics Core  
  18  1:46  Probe (Chrono Boost)  
  19  1:49  Zealot  
  21  1:56  Probe (Chrono Boost)  
  22  2:01  Probe (Chrono Boost)  
  23  2:12  Probe  
  23  2:14  Warp Gate (Chrono Boost)  
  24  2:15  Stalker (Chrono Boost)  
  26  2:24  Probe, Gateway  
  27  2:39  Nexus  
  27  2:48  Stargate  
  27  2:56  Stalker  
  29  3:08  Pylon  
  29  3:10  Probe  
  30  3:22  Probe  
  31  3:32  Phoenix (Chrono Boost)  
  33  3:34  Probe  
  34  3:46  Probe  
  35  3:51  Probe, Phoenix (Chrono Boost)  
  38  3:58  Probe  
  39  4:03  Probe  
  40  4:10  Probe  
  40  4:12  Phoenix (Chrono Boost)  
  40  4:15  Probe  
  44  4:22  Probe  
  45  4:27  Zealot  
  45  4:30  Phoenix (Chrono Boost)  
  49  4:40  Assimilator  
  49  4:44  Assimilator  
  49  4:48  Pylon  
  49  4:49  Probe x2, Phoenix (Chrono Boost)  
  49  4:52  Pylon  
  53  5:01  Probe  
  53  5:06  Probe  
  53  5:07  Phoenix (Chrono Boost)  
  55  5:13  Probe  
  58  5:18  Probe, Nexus  
  59  5:25  Probe  
  59  5:26  Phoenix (Chrono Boost)  
  62  5:30  Probe  
  62  5:32  Pylon  
  63  5:37  Probe  
  64  5:46  Probe, Phoenix  
  64  5:49  Probe  
  68  5:52  Assimilator  
  68  5:57  Pylon  
  68  6:01  Fleet Beacon  
  66  6:11  Phoenix  
  68  6:28  Probe x2  
  68  6:31  Stargate  
  70  6:36  Phoenix  
  70  6:48  Forge  
  70  6:50  Probe (Chrono Boost)  
  73  6:54  Probe x2 (Chrono Boost)  
  73  7:00  Probe (Chrono Boost)  
  74  7:04  Probe (Chrono Boost)  
  74  7:05  Probe (Chrono Boost), Assimilator  
  74  7:07  Phoenix, Pylon  
  78  7:11  Pylon  
  78  7:12  Carrier (Chrono Boost)  
  84  7:16  Probe  
  84  7:17  Probe x2  
  87  7:28  Probe  
  87  7:29  Probe x2  
  90  7:35  Cybernetics Core  
  92  7:37  Protoss Air Weapons Level 1 (Chrono Boost)  
  92  7:39  Pylon  
  92  7:41  Zealot  
  92  7:42  Phoenix (Chrono Boost)  
  94  7:47  Probe x2  
  94  7:48  Probe  
  97  7:57  Anion Pulse-Crystals  
  97  7:59  Probe  
  97  8:01  Probe  
  99  8:07  Photon Cannon  
  99  8:08  Probe  
  99  8:09  Carrier  
  99  8:10  Photon Cannon  
  99  8:11  Shield Battery  
  106  8:14  Shield Battery  
  106  8:17  Pylon  
  106  8:23  Nexus  
  104  8:30  Pylon  
  104  8:32  Probe x2  
  104  8:33  Probe  
  107  8:42  Carrier  
  107  8:44  Probe  
  107  8:45  Pylon  
  107  8:48  Pylon  
  114  8:51  Probe x2, Pylon  
  114  8:53  Assimilator  
  114  8:54  Protoss Air Armor Level 1 (Chrono Boost)  
  116  8:56  Probe  
  116  8:59  Assimilator  
  116  9:02  Pylon  
  117  9:03  Probe  
  112  9:36  Carrier (Chrono Boost)  
  108  10:04  Probe, Photon Cannon  
  108  10:05  Probe x2  
  108  10:06  Photon Cannon  
  111  10:08  Nexus  
  111  10:09  Protoss Shields Level 1 (Chrono Boost)  
  111  10:10  Pylon  
  111  10:12  Pylon  
  111  10:15  Pylon  
  111  10:17  Probe, Phoenix (Chrono Boost)  
  111  10:18  Stargate  
  108  10:22  Stalker  
  108  10:23  Protoss Air Weapons Level 2 (Chrono Boost)  
  108  10:24  Probe  
  117  10:35  Photon Cannon  
  117  10:36  Probe  
  117  10:37  Probe x2, Carrier (Chrono Boost)  
  117  10:38  Photon Cannon  
  117  10:40  Photon Cannon, Phoenix (Chrono Boost)  
  122  10:44  Photon Cannon  
  122  10:46  Shield Battery  
  122  10:49  Shield Battery  
  122  10:53  Shield Battery  
  122  11:02  Phoenix (Chrono Boost)  
  130  11:09  Carrier (Chrono Boost)  
  130  11:16  Probe x2  
  130  11:17  Probe  
  133  11:20  Phoenix  
  133  11:22  Probe  
  133  11:24  Carrier (Chrono Boost)  
  136  11:28  Probe  
  145  11:49  Phoenix (Chrono Boost)  
  151  12:09  Probe x2  
  151  12:12  Phoenix (Chrono Boost)  
  161  12:24  Nexus  
  161  12:26  Pylon  
  161  12:28  Pylon  
  159  12:32  Pylon  
  159  12:34  Pylon  
Show
View Real Time Build Order
Export as new Build Order

Massa Terran 

Build Orders:  

Get SALT Encoding   

  12  0:11  Supply Depot  
  12  0:13  SCV  
  13  0:25  SCV  
  14  0:34  Barracks  
  14  0:37  SCV  
  15  0:49  SCV  
  16  1:00  Barracks  
  16  1:03  SCV  
  17  1:15  SCV  
  18  1:24  Marine  
  19  1:28  SCV  
  20  1:40  Refinery  
  20  1:41  Orbital Command  
  20  1:42  Refinery, Marine  
  20  1:45  Supply Depot  
  21  2:00  Marine  
  22  2:04  Marine  
  22  2:05  Supply Depot  
  23  2:18  Marine  
  23  2:22  Marine  
  25  2:44  Command Center  
  25  2:54  Factory, Marine  
  25  2:55  Marine  
  27  3:06  SCV  
  27  3:12  Marine x2  
  28  3:18  SCV  
  31  3:37  Barracks Tech Lab  
  31  3:39  Starport  
  31  3:40  Factory Tech Lab  
  31  3:42  SCV  
  32  3:48  Engineering Bay  
  32  3:53  Engineering Bay  
  32  3:54  SCV  
  33  4:01  Orbital Command  
  33  4:06  SCV  
  34  4:12  Siege Tank  
  37  4:17  Medivac  
  37  4:19  SCV  
  37  4:22  Starport  
  40  4:30  SCV, Missile Turret  
  41  4:52  Medivac  
  43  4:55  Siege Tank  
  46  5:03  Refinery  
  46  5:08  SCV x2  
  46  5:11  Medivac  
  50  5:20  SCV x2  
  52  5:24  Refinery  
  52  5:31  Missile Turret  
  52  5:32  SCV  
  53  5:48  Supply Depot  
  53  5:54  Missile Turret  
  53  5:57  Supply Depot  
  53  5:58  Terran Infantry Weapons Level 1  
  53  6:10  Medivac x2  
  57  6:12  Supply Depot  
  56  6:31  SCV x2  
  58  6:34  Supply Depot  
  58  6:37  Marauder, Marine  
  61  6:40  Medivac x2  
  61  6:43  SCV  
  61  6:44  SCV  
  67  6:54  Barracks, Marine  
  67  6:55  SCV  
  67  6:58  Marauder, Supply Depot  
  67  7:01  Missile Turret  
  71  7:08  Siege Tank  
  74  7:12  Marine  
  74  7:13  SCV x2  
  77  7:20  Marauder, Missile Turret  
  77  7:21  Starport Tech Lab, Starport Reactor  
  77  7:22  Supply Depot  
  79  7:25  SCV x2, Combat Shield  
  82  7:40  Marine  
  82  7:52  Barracks Reactor  
  82  7:56  Barracks Reactor  
  82  7:58  Marine  
  82  8:02  Terran Infantry Armor Level 1  
  83  8:08  Armory  
  83  8:13  Missile Turret  
  83  8:16  Marine  
  84  8:34  Marine, Missile Turret  
  84  8:35  Siege Tank  
  84  8:38  Marine x3  
  84  8:39  Marine  
  92  8:45  Barracks  
  92  8:52  Marine  
  93  8:56  Armory, Marine x4  
  93  9:00  Command Center  
  97  9:09  Marine  
  97  9:14  Marine x4  
  98  9:28  Marauder  
  100  9:32  Marine x2  
  102  9:43  Marine x2  
  101  9:49  Marauder  
  101  9:52  Marine x2  
  73  10:01  Marine x2  
  73  10:03  Medivac x3  
  79  10:07  Barracks Reactor  
  79  10:10  Marine x2  
  79  10:11  Marauder  
  79  10:12  Thor  
  88  10:19  Marine x2  
  90  10:27  Planetary Fortress  
  90  10:29  SCV x2  
  90  10:32  Marauder  
  90  10:33  Viking x3  
  100  10:41  SCV x2  
  102  10:53  SCV x2, Marauder  
  106  10:59  Missile Turret  
  106  11:03  Viking x2  
  110  11:05  SCV x2  
  110  11:06  Viking  
  114  11:15  Marauder  
  116  11:20  Missile Turret  
  116  11:41  Supply Depot  
  116  11:42  Missile Turret  
  116  11:46  Viking x3  
  122  12:03  Missile Turret, Supply Depot  
  122  12:07  Marine x7  
  129  12:24  Marine  
  129  12:25  Marine x6  
  129  12:26  Supply Depot  
Show
View Real Time Build Order
Export as new Build Order

qqq Zerg 

Build Orders: Hatch First 

Get SALT Encoding   

  12  0:03  Drone  
  13  0:09  Drone  
  14  0:36  Hatchery  
  13  0:53  Spawning Pool  
  12  1:00  Overlord  
  12  1:04  Drone  
  13  1:09  Drone  
  14  1:20  Drone  
  14  1:24  Extractor  
  14  1:31  Drone  
  15  1:35  Drone  
  16  1:47  Queen  
  16  1:49  Queen  
  20  2:00  Drone x2  
  22  2:02  Drone  
  22  2:04  Drone  
  24  2:17  Drone  
  24  2:21  Drone x2  
  27  2:37  Zergling x2  
  27  2:38  Overlord x2  
  27  2:39  Overlord  
  28  2:45  Metabolic Boost  
  28  3:00  Drone  
  28  3:01  Drone x4  
  28  3:05  Drone  
  34  3:08  Drone  
  34  3:10  Extractor  
  34  3:17  Lair  
  34  3:30  Zergling x6  
  34  3:33  Drone x3  
  39  3:42  Drone  
  39  3:44  Drone  
  39  3:45  Zergling x4  
  39  3:48  Drone  
  44  3:49  Zergling x2  
  44  3:51  Drone  
  46  3:58  Zergling x2  
  47  4:09  Drone  
  48  4:11  Drone  
  49  4:18  Drone  
  50  4:27  Drone  
  50  4:28  Zergling x2, Spire, Overlord  
  50  4:29  Overlord  
  50  4:30  Drone  
  52  4:38  Hatchery  
  51  4:51  Drone x3  
  54  4:53  Extractor  
  54  4:55  Extractor, Drone x2  
  54  4:56  Drone  
  55  5:13  Drone x4  
  59  5:14  Zergling x2  
  59  5:15  Zergling x4  
  61  5:41  Zergling x6  
  61  5:42  Zergling x14  
  65  5:43  Hatchery  
  65  5:47  Zerg Flyer Weapons Level 1  
  65  5:49  Mutalisk  
  64  5:51  Drone  
  64  5:54  Mutalisk  
  67  6:01  Mutalisk  
  67  6:03  Drone  
  70  6:13  Drone, Mutalisk, Spore Crawler  
  70  6:14  Mutalisk  
  74  6:23  Drone, Spore Crawler  
  74  6:24  Spore Crawler  
  73  6:26  Overlord x2  
  73  6:31  Spore Crawler  
  71  6:34  Hatchery  
  70  6:43  Spore Crawler  
  70  6:46  Drone, Spore Crawler  
  70  6:47  Mutalisk x3  
  75  6:54  Drone x3  
  78  7:02  Queen  
  78  7:03  Mutalisk x2  
  78  7:04  Mutalisk  
  78  7:08  Mutalisk  
  86  7:10  Drone  
  89  7:16  Mutalisk  
  89  7:19  Mutalisk  
  89  7:21  Drone x3  
  96  7:38  Overlord  
  96  7:39  Overlord x2  
  96  7:41  Zerg Flyer Armor Level 1  
  96  7:58  Mutalisk x4  
  96  8:00  Overlord x3  
  96  8:01  Drone x2  
  96  8:02  Drone x6  
  110  8:11  Mutalisk x2  
  112  8:13  Drone x3  
  112  8:17  Spore Crawler  
  112  8:19  Spore Crawler  
  113  8:24  Mutalisk  
  110  8:42  Mutalisk x2  
  110  8:43  Drone  
  110  8:44  Drone x5  
  120  8:49  Extractor  
  119  9:02  Hatchery  
  88  9:27  Corruptor x5  
  82  9:31  Zergling x2  
  82  9:32  Zergling x8  
  82  9:33  Zergling x10  
  92  9:50  Zergling x4  
  94  9:54  Hydralisk Den  
  94  9:56  Evolution Chamber  
  92  10:01  Drone x6  
  92  10:02  Infestation Pit  
  92  10:04  Zergling x4  
  92  10:05  Zergling x4  
  101  10:10  Drone x3, Spore Crawler  
  103  10:15  Spore Crawler  
  103  10:17  Zergling x4  
  103  10:18  Zergling x2  
  103  10:19  Zergling x6  
  108  10:27  Zerg Melee Weapons Level 1  
  108  10:29  Hydralisk x2, Grooved Spines  
  108  10:31  Hydralisk x2  
  108  10:32  Zergling x4  
  118  10:37  Drone x2  
  118  10:38  Drone x2, Overlord x2  
  122  10:48  Hatchery  
  121  10:50  Hatchery  
  121  10:54  Hatchery  
  121  10:56  Corruptor x3  
  121  10:58  Zergling x12  
  121  11:01  Drone x6  
  121  11:02  Drone x2  
  139  11:05  Extractor  
  138  11:16  Drone x4  
  142  11:18  Hydralisk  
  142  11:20  Zergling x4  
  146  11:27  Hive  
  146  11:48  Corruptor x3  
  146  11:50  Corruptor  
  146  11:51  Zergling x4  
  146  11:52  Zergling x2  
  146  11:53  Zergling x16  
  146  11:54  Zergling x6  
  168  11:57  Extractor  
  168  12:00  Extractor  
  168  12:01  Extractor  
  165  12:07  Evolution Chamber  
Tags
 
Add a new tag
Caveats
  • Supply blocks, unpowered buildings, or Contaminate may cause inaccurate times.
  • Supply counts are checked every 10 seconds.